 Dungeon Crawl Stone Soup version 0.21-a0-346-g330ab2c (webtiles) character file.

92435 Amnesiac the Geomancer (level 16, 0/123 HPs)
             Began as a Gnoll Earth Elementalist on Oct 5, 2017.
             Was a High Priest of Cheibriados.
             Slain by a saltling (3 damage)
             ... in the Desolation of Salt.
             The game lasted 01:16:51 (20394 turns).

Amnesiac the Geomancer (Gnoll Earth Elementalist)  Turns: 20394, Time: 01:16:52

Health: 0/123      AC: 18    Str: 31    XL:     16   Next: 6%
Magic:  0/31       EV: 27    Int: 29    God:    Cheibriados [*****.]
Gold:   215        SH: 10    Dex: 29    Spells: 10/37 levels left

rFire    . . .     SeeInvis .   b - +3 scimitar (flame)
rCold    + . .     Gourm    .   j - +1 buckler {rN+}
rNeg     + . .     Faith    .   n - +2 robe {MR+}
rPois    +         Spirit   +   B - +3 helmet of Lucidity {rC+}
rElec    .         Reflect  .   m - +1 cloak
rCorr    .         Harm     .   W - +0 pair of gloves
MR       ++...                  A - +2 pair of boots of the Assassin {Detection Stab+ Stlth++}
Stlth    +++++++++.             I - amulet of guardian spirit
HPRegen  0.30/turn              S - ring of stealth
MPRegen  0.22/turn              O - +2 ring of evasion

@: mighty, very slow
A: distributed training, fangs 1, yellow scales 1, poison resistance, strong
nose
a: Bend Time, Temporal Distortion, Slouch, Step From Time, Renounce Religion


You were in the Desolation of Salt.
You worshipped Cheibriados.
Cheibriados was extremely pleased with you.
You were hungry.

You visited 4 branches of the dungeon, and saw 19 of its levels.
You also visited: Desolation.

You collected 1616 gold pieces.
You spent 1401 gold pieces at shops.

Inventory:

Hand Weapons
 b - a +3 scimitar of flaming (weapon)
 c - the +6 scimitar of the Philosopher {venom, Str+4 Dex+5}
   (You bought it in a shop on level 6 of the Dungeon)

   It poisons the flesh of those it strikes.
   It affects your strength (+4).
   It affects your dexterity (+5).
 v - the +1 scimitar of Shame {slice, +Fly rC++}
   (You bought it in a shop on level 2 of the Orcish Mines)

   It inflicts extra damage upon your enemies.
   It greatly protects you from cold.
   It lets you fly.
 C - a +0 blowgun
 Z - the +8 rapier of the Open Hand {venom, rPois rC- rN+++}
   (You found it in the Desolation of Salt)

   It poisons the flesh of those it strikes.
   It makes you vulnerable to cold.
   It protects you from poison.
   It renders you almost immune to negative energy.
Missiles
 e - 4 curare-tipped needles
 p - 71 poisoned needles
 r - 3 throwing nets
 L - 7 needles of sleeping
 U - 305 stones (quivered)
Armour
 j - a +1 buckler of positive energy (worn)
 m - a +1 cloak (worn)
 n - a +2 robe of magic resistance (worn)
 s - a +2 pair of boots of flying
 u - +0 ice dragon scales
 w - the +2 scale mail "Vata" {MR+ Dex+3 SInv, unknown}
   (You found it in the Desolation of Salt)

   It affects your dexterity (+3).
   It affects your resistance to hostile enchantments.
   It lets you see invisible.
 A - the +2 pair of boots of the Assassin (worn) {Detection Stab+ Stlth++}
   (You acquired it in the Desolation of Salt)

   It makes you much more stealthy.
 B - the +3 helmet of Lucidity (worn) {rC+}
   (You found it in the Desolation of Salt)

   It protects you from cold.
 W - a +0 pair of gloves (worn)
Jewellery
 a - the amulet of Peace {RegenMP rF+ Int+2, unknown}
   (You found it in the Desolation of Salt)

   [amulet of magic regeneration]

   It increases your magic regeneration.
   It affects your intelligence (+2).
   It protects you from fire.
 h - an uncursed ring of wizardry
 i - the amulet "Noffies" {rC- Regen+ Int+4, unknown}
   (You found it in the Desolation of Salt)

   [amulet of regeneration]

   It affects your intelligence (+4).
   It makes you vulnerable to cold.
   It increases your rate of regeneration.
 x - the ring of Gin and Tonic {Wiz MR+, unknown}
   (You found it in the Desolation of Salt)

   [ring of wizardry]

   It improves your spell success rate.
   It affects your resistance to hostile enchantments.
 y - an uncursed ring of resist corrosion
 G - the ring "Meetasoq" {*Slow rElec rF+ Int+3 Slay-5}
   (You bought it in a shop on level 6 of the Dungeon)

   [ring of protection from fire]

   It affects your intelligence (+3).
   It affects your accuracy and damage with ranged weapons and melee attacks
   (-5).
   It protects you from fire.
   It insulates you from electricity.
   It may slow you when you take damage.
 I - an amulet of guardian spirit (around neck)
 O - a +2 ring of evasion (right hand)
 R - the amulet of Xaleili {*Contam +Rage rN+ SInv, unknown}
   (You found it in the Desolation of Salt)

   [amulet of rage]

   It protects you from negative energy.
   It lets you see invisible.
   It lets you go berserk.
   It causes magical contamination when unequipped.
 S - a ring of stealth (left hand)
 Y - an uncursed ring of see invisible
Wands
 F - a wand of digging (9/24)
 M - a wand of enslavement (7/24)
Scrolls
 g - 5 scrolls of remove curse {!r}
 k - a scroll of recharging {!r}
 o - 4 scrolls of amnesia {!r}
 q - 2 scrolls of enchant armour {!r}
 D - 4 scrolls of magic mapping {!r}
 E - a scroll of identify {!r}
 K - 5 scrolls of enchant weapon {!r}
 Q - a scroll of fog {!r}
Potions
 t - 4 potions of lignification {!q}
 H - 4 potions of brilliance {!q}
 J - 2 potions of might {!q}
 P - a potion of flight {!q}
 X - a potion of cancellation {!q}
Books
 l - a book of Frost

   Spells                             Type                      Level
   a - Freeze                         Ice                          1
   b - Throw Frost                    Conjuration/Ice              2
   c - Ozocubu's Armour               Charms/Ice                   3
   d - Throw Icicle                   Conjuration/Ice              4
   e - Summon Ice Beast               Ice/Summoning                4
 N - the Compendium of Cankerous Heat
   (You found it in the Desolation of Salt)

   Spells                             Type                      Level
   a - Throw Flame                    Conjuration/Fire             2
   b - Poisonous Vapours              Poison/Air                   2
   c - Mephitic Cloud                 Conjuration/Poison/Air       3
   d - Ignite Poison                  Fire/Transmutation/Poison    3
   e - Venom Bolt                     Conjuration/Poison           5
   f - Alistair's Intoxication        Transmutation/Poison         5
 V - a book of Cantrips

   Spells                             Type                      Level
   a - Confusing Touch                Hexes                        1
   b - Animate Skeleton               Necromancy                   1
   c - Summon Small Mammal            Summoning                    1
   d - Apportation                    Translocation                1
Comestibles
 d - 12 bread rations
 f - 8 meat rations
 z - 5 royal jellies


   Skills:
 + Level 10.3 Fighting
 + Level 10.3 Short Blades
 + Level 10.3 Long Blades
 + Level 10.3 Axes
 + Level 10.3 Maces & Flails
 + Level 10.3 Polearms
 + Level 10.3 Staves
 + Level 10.3 Slings
 + Level 10.3 Bows
 + Level 10.3 Crossbows
 + Level 10.3 Throwing
 + Level 10.3 Armour
 + Level 11.2 Dodging
 + Level 11.1 Stealth
 + Level 10.3 Shields
 + Level 10.3 Unarmed Combat
 + Level 11.4 Spellcasting
 + Level 10.3 Conjurations
 + Level 10.3 Hexes
 + Level 10.3 Charms
 + Level 10.3 Summonings
 + Level 10.3 Necromancy
 + Level 10.3 Translocations
 + Level 10.6 Transmutations
 + Level 10.3 Fire Magic
 + Level 10.3 Ice Magic
 + Level 10.3 Air Magic
 + Level 12.0 Earth Magic
 + Level 10.3 Poison Magic
 + Level 10.3 Invocations
 + Level 10.3 Evocations


You had 10 spell levels left.
You knew the following spells:

 Your Spells              Type           Power        Failure   Level  Hunger
b - Passwall              Tmut/Erth      ######....   1%          2    None
c - Fireball              Conj/Fire      ######....   1%          5    ###....
d - Lee's Rapid Deconstr  Erth           ######....   1%          5    ###....
e - Petrify               Tmut/Erth      ######..     1%          4    None
f - Summon Ice Beast      Ice/Summ       ######..     1%          4    None
g - Ozocubu's Armour      Chrm/Ice       ######..     1%          3    None
s - Conjure Flame         Conj/Fire      ######..     1%          3    None
w - Sandblast             Erth           ######       1%          1    None


Dungeon Overview and Level Annotations

Branches:
Dungeon (15/15)            Temple (1/1) D:4            Lair (0/6) D:8
    Orc (2/2) D:10            Elf (1/3) Orc:2        Vaults (0/5) D:14
 Depths (0/5) D:15

Altars:
Ashenzari
Cheibriados
Dithmenos
Elyvilon
Fedhas
Gozag
Hepliaklqana
Kikubaaqudgha
Makhleb
Nemelex Xobeh
Okawaru
Qazlal
Ru
Sif Muna
Trog
Uskayaw
Vehumet
Wu Jian
Xom
Yredelemnul
Zin
The Shining One
Beogh

Shops:
D:4 !   D:5 *   D:6 *!   D:11 :   Orc:2 ([*?

Portals:
Trove: D:10 (give +5 ice dragon scales)

Annotations:
D:13 1 runed door


Innate Abilities, Weirdness & Mutations

Your experience applies equally to all skills.
You have very sharp teeth.
Your uncanny sense of smell can sniff out nearby items.
You are partially covered in yellow scales. (AC +2)
Your system is resistant to poisons. (rPois)


Message History

The saltling hits you but does no damage.
The ragged hierophant completely misses you.
The saltling hits you!
* * * LOW HITPOINT WARNING * * *
You barely miss the saltling.
The saltling is moderately damaged.
The saltling hits you.
* * * LOW HITPOINT WARNING * * *
The ragged hierophant gestures at you while chanting.
A blast of power from the earth and the saltlings strikes you!
* * * LOW HITPOINT WARNING * * *
The saltling completely misses you.
Okay, then.
Okay, then.
The saltling completely misses you. You block the saltling's attack.
The saltling hits you!
* * * LOW HITPOINT WARNING * * *
The ragged hierophant mumbles some strange words.
The ragged hierophant begins to accept its allies' injuries.
A ragged hierophant comes into view. It is wielding a dagger.
Okay, then.
Cast which spell? (? or * to list)
Okay, then.
Okay, then.
Really quaff
J - 3 potions of might {!q}? [Y]es or [N]o only, please.
Really quaff
J - 3 potions of might {!q}?
You feel very mighty all of a sudden. You block the saltling's attack.
The saltling completely misses you.
You riposte.
You barely miss the saltling.
The ragged hierophant casts a spell at you.
A blast of power from the earth and the saltlings strikes you!
* * * LOW HITPOINT WARNING * * *
Okay, then.
You block the saltling's attack. x2
You slice the ragged hierophant!! You burn the ragged hierophant!
The ragged hierophant is severely wounded.
You hear a shout!
The saltling completely misses you. The saltling closely misses you.
The saltling hits you.
* * * LOW HITPOINT WARNING * * *
You slash the ragged hierophant! You burn the ragged hierophant.
The ragged hierophant is almost dead.
You block the saltling's attack.
The ragged hierophant hits you but does no damage.
The saltling misses you.
You riposte.
You hit the saltling. You burn the saltling.
The saltling is heavily damaged.
You slice the ragged hierophant!! You burn the ragged hierophant.
You kill the ragged hierophant!
Cheibriados appreciates the change of pace.
The saltling closely misses you.
The peacekeeper hurls a volley of spikes at you.
The volley of spikes misses you.
The saltling hits you but does no damage.
Okay, then.
Unknown command.
The saltling completely misses you.
You riposte.
You are feeling hungry.
You slice the saltling!! You burn the saltling.
You destroy the saltling!
Cheibriados appreciates the change of pace.
The saltling hits you.
You die...

#......####.§..##.§..............
#......##..§.§§§.§§.§............
#........§..§§§§§§..§............
#......§.§...§§§§§..§............
#....§.§..§.§§§§§§§.§............
#.§..§§.§§§§§§§§§§§..............
#...§.§§§§§§§§§§§§§8§............
#.§§§§§§§§§.§§§§8§§§§............
#..§§§§§§§§§§§§§@§§§§............
#..§§§§§§§§§.§p8§§§..§...........
#. §§§§§§§§§§..§..##........ #.
§§§§§.§.§...§.............
§§§§§................∩...
§§§...§...................
§§§§..§................∩...
.§.........................
...........#...............


You could see a ragged hierophant, a peacekeeper and a saltling.

Vanquished Creatures
  2 imperial myrmidons (Desolation)
  The ghost of Amnesiac the Geomancer, a journeyman GnEE of Ashenzari (D:14)
  An entropy weaver (shapeshifter) (D:15)
  A deep elf annihilator (Elf:1)
  A halazid warlock (Desolation)
  A merfolk impaler (D:13)
  A crystal guardian (Desolation)
  Erolcha (D:11)
  8 slime creatures
  2 rakshasas (D:15)
  Josephine (D:13)
  A merfolk avatar (D:13)
  4 vault guards
  A catoblepas (D:13)
  A servant of whispers (Desolation)
  7 ragged hierophants (Desolation)
  4 peacekeepers
  4 centaur warriors
  Erica (D:11)
  A death knight (D:15)
  4 dancing weapons (Elf:1)
  2 tengu warriors
  8 two-headed ogres
  5 orc high priests (Orc:2)
  Urug (D:10)
  2 deep elf knights (Elf:1)
  A glowing orange brain (D:15)
  An unseen horror (D:14)
  2 ironbrand convokers (Desolation)
  5 orc knights (Orc:2)
  5 orc sorcerers (Orc:2)
  13 deep elf magi
  2 cyclopes
  3 manticores
  7 ugly things
  3 centaur zombies
  4 guardian serpents (Desolation)
  3 gargoyles
  2 efreet (D:14)
  A kobold demonologist (D:13)
  2 centaur skeletons
  2 freezing wraiths (D:15)
  A komodo dragon (shapeshifter) (D:15)
  4 tengu conjurers
  Prince Ribbit (D:6)
  3 hornets
  9 trolls
  3 hippogriffs
  30 saltlings (Desolation)
  A water elemental (Elf:1)
  A spriggan (D:11)
  A wyvern (D:9)
  2 shadows
  2 vampires
  12 wraiths
  18 yaks
  A fire elemental (Elf:1)
  A golden eye (shapeshifter) (D:15)
  Grum (D:11)
  3 hungry ghosts
  A vampire mosquito (D:14)
  6 wargs
  2 acid dragons
  A soldier ant (shapeshifter) (D:13)
  27 orc warriors
  A swamp drake (shapeshifter) (D:13)
  3 ice beasts
  A black bear (D:11)
  2 phantoms
  An eye of draining (D:10)
  6 sky beasts
  2 wolves (D:11)
  An eye of draining (shapeshifter) (Elf:1)
  A tengu (shapeshifter) (D:15)
  A necrophage (D:7)
  13 ogres
  9 centaurs
  3 big kobolds
  13 bullfrogs
  A gnoll sergeant (D:12)
  An earth elemental (Elf:1)
  4 scorpions
  2 wyvern skeletons
  17 killer bees
  4 wights (D:14)
  2 howler monkeys
  3 bullfrog zombies
  4 crimson imps
  18 orc priests
  Crazy Yiuf (D:3)
  10 hounds
  5 jellies
  A gnoll shaman (Orc:1)
  5 bullfrog skeletons
  Jessica (D:3)
  6 iguanas
  9 worker ants
  Terence (D:3)
  29 orc wizards
  2 worker ant zombies
  18 gnolls
  11 adders
  6 shadow imps
  An ooze (D:3)
  2 adder skeletons
  An adder zombie (D:6)
  3 worms
  A dart slug (D:1)
  8 leopard geckos
  94 orcs
  2 ball pythons
  11 bats
  3 giant cockroaches
  5 goblins
  6 hobgoblins
  15 jackals
  7 quokkas
  3 frilled lizards
  A jackal skeleton (D:4)
  31 kobolds
  12 rats
677 creatures vanquished.

Vanquished Creatures (collateral kills)
  2 slime creatures (D:15)
  An orc warrior (Orc:2)
  3 gnolls (Orc:2)
  3 orcs (Orc:2)
9 creatures vanquished.

Vanquished Creatures (others)
  An orc priest (Orc:2)
  A kobold (D:10)
2 creatures vanquished.

Grand Total: 688 creatures vanquished

Notes
Turn   | Place    | Note
-------+----------+-------------------------------------------
     0 | D:1      | Amnesiac the Gnoll Earth Elementalist began the quest for the Orb.
     0 | D:1      | Reached XP level 1. HP: 13/13 MP: 6/6
    66 | D:2      | Found a deep blue altar of Sif Muna.
    93 | D:2      | Reached XP level 2. HP: 15/19 MP: 7/7
   100 | D:2      | Learned a level 2 spell: Passwall
   264 | D:3      | Noticed Jessica
   293 | D:3      | Killed Jessica
   293 | D:3      | Reached skill level 5 in Spellcasting
   293 | D:3      | Reached XP level 3. HP: 25/25 MP: 6/9
   343 | D:4      | Reached skill level 1 in Fighting
   343 | D:4      | Reached skill level 1 in Short Blades
   343 | D:4      | Reached skill level 1 in Long Blades
   343 | D:4      | Reached skill level 1 in Axes
   343 | D:4      | Reached skill level 1 in Maces & Flails
   343 | D:4      | Reached skill level 1 in Polearms
   343 | D:4      | Reached skill level 1 in Staves
   343 | D:4      | Reached skill level 1 in Slings
   343 | D:4      | Reached skill level 1 in Bows
   343 | D:4      | Reached skill level 1 in Crossbows
   343 | D:4      | Reached skill level 1 in Throwing
   343 | D:4      | Reached skill level 1 in Armour
   343 | D:4      | Reached skill level 1 in Shields
   343 | D:4      | Reached skill level 1 in Unarmed Combat
   343 | D:4      | Reached skill level 1 in Conjurations
   343 | D:4      | Reached skill level 1 in Hexes
   343 | D:4      | Reached skill level 1 in Charms
   343 | D:4      | Reached skill level 1 in Summonings
   343 | D:4      | Reached skill level 1 in Necromancy
   343 | D:4      | Reached skill level 1 in Translocations
   343 | D:4      | Reached skill level 1 in Fire Magic
   343 | D:4      | Reached skill level 1 in Ice Magic
   343 | D:4      | Reached skill level 1 in Air Magic
   343 | D:4      | Reached skill level 1 in Poison Magic
   343 | D:4      | Reached skill level 1 in Invocations
   343 | D:4      | Reached skill level 1 in Evocations
   343 | D:4      | Reached XP level 4. HP: 32/32 MP: 7/11
   552 | D:4      | Reached XP level 5. HP: 34/37 MP: 8/12
   558 | D:4      | Learned a level 4 spell: Petrify
   564 | D:4      | Learned a level 5 spell: Lee's Rapid Deconstruction
   570 | D:4      | Found a staircase to the Ecumenical Temple.
   590 | Temple   | Entered the Ecumenical Temple
   626 | Temple   | Became a worshipper of Cheibriados the Contemplative
  1120 | D:1      | Reached * piety under Cheibriados
  1306 | D:2      | Found a shadowy altar of Dithmenos.
  1363 | D:2      | Found a faded altar of an unknown god.
  1819 | D:2      | Reached XP level 6. HP: 44/44 MP: 11/13
  1980 | D:3      | Reached ** piety under Cheibriados
  2131 | D:3      | Reached skill level 5 in Dodging
  2198 | D:3      | Found an iron altar of Okawaru.
  2249 | D:3      | Noticed Terence
  2274 | D:3      | Killed Terence
  2533 | D:3      | Found a runed door.
  2773 | D:3      | Noticed Crazy Yiuf
  2777 | D:3      | Killed Crazy Yiuf
  2867 | D:4      | Found Tiuroass's Distillery.
  2946 | D:4      | Reached XP level 7. HP: 50/50 MP: 11/15
  2956 | D:4      | Reached *** piety under Cheibriados
  3001 | D:4      | Reached skill level 7 in Earth Magic
  3205 | D:5      | Entered Level 5 of the Dungeon
  3290 | D:5      | Found Dubbyliaff's General Store.
  3296 | D:5      | Bought a potion of heal wounds for 65 gold pieces
  3460 | D:5      | Reached skill level 5 in Stealth
  3999 | D:6      | Reached XP level 8. HP: 57/57 MP: 6/16
  4490 | D:6      | Noticed Prince Ribbit
  4496 | D:6      | Killed Prince Ribbit
  4503 | D:6      | Found Gaaquilupn's Assorted Antiques.
  4512 | D:6      | Bought a scroll labeled PYUX ZOMMODGHO for 19 gold pieces
  4512 | D:6      | Bought a scroll labeled PICAMU XECEB for 19 gold pieces
  4512 | D:6      | Bought a golden potion for 17 gold pieces
  4512 | D:6      | Bought a green potion for 17 gold pieces
  4609 | D:6      | Found Rumik's Distillery.
  4694 | D:6      | Reached **** piety under Cheibriados
  4694 | D:6      | Reached XP level 9. HP: 65/65 MP: 15/18
  5059 | D:7      | Found a burning altar of Makhleb.
  5059 | D:7      | Found an ornate altar of the Wu Jian Council.
  5090 | D:7      | Reached skill level 5 in Transmutations
  5415 | D:7      | Found a stormy altar of Qazlal.
  5460 | D:8      | Reached ***** piety under Cheibriados
  5552 | D:8      | Noticed a hornet
  5557 | D:8      | Killed a hornet
  5557 | D:8      | Reached skill level 8 in Earth Magic
  5568 | D:8      | Noticed a two-headed ogre
  5584 | D:8      | Killed a two-headed ogre
  5584 | D:8      | Reached XP level 10. HP: 61/73 MP: 1/20
  5587 | D:8      | Noticed a two-headed ogre
  5635 | D:8      | Killed a two-headed ogre
  5635 | D:8      | Reached skill level 5 in Fighting
  5635 | D:8      | Reached skill level 5 in Short Blades
  5635 | D:8      | Reached skill level 5 in Long Blades
  5635 | D:8      | Reached skill level 5 in Axes
  5635 | D:8      | Reached skill level 5 in Maces & Flails
  5635 | D:8      | Reached skill level 5 in Polearms
  5635 | D:8      | Reached skill level 5 in Staves
  5635 | D:8      | Reached skill level 5 in Slings
  5635 | D:8      | Reached skill level 5 in Bows
  5635 | D:8      | Reached skill level 5 in Crossbows
  5635 | D:8      | Reached skill level 5 in Throwing
  5635 | D:8      | Reached skill level 5 in Armour
  5635 | D:8      | Reached skill level 5 in Shields
  5635 | D:8      | Reached skill level 5 in Unarmed Combat
  5635 | D:8      | Reached skill level 5 in Conjurations
  5635 | D:8      | Reached skill level 5 in Hexes
  5635 | D:8      | Reached skill level 5 in Charms
  5635 | D:8      | Reached skill level 5 in Summonings
  5635 | D:8      | Reached skill level 5 in Necromancy
  5635 | D:8      | Reached skill level 5 in Translocations
  5635 | D:8      | Reached skill level 5 in Fire Magic
  5635 | D:8      | Reached skill level 5 in Ice Magic
  5635 | D:8      | Reached skill level 5 in Air Magic
  5635 | D:8      | Reached skill level 5 in Poison Magic
  5635 | D:8      | Reached skill level 5 in Invocations
  5635 | D:8      | Reached skill level 5 in Evocations
  5939 | D:8      | Found a staircase to the Lair.
  6405 | D:9      | Found an ancient bone altar of Kikubaaqudgha.
  6578 | D:9      | Got a pair of polished boots
  6963 | D:10     | Entered Level 10 of the Dungeon
  7038 | D:10     | Reached XP level 11. HP: 70/81 MP: 18/22
  7094 | D:10     | Noticed a two-headed ogre
  7095 | D:10     | Killed a two-headed ogre
  7141 | D:10     | Found a portal to a secret trove of treasure.
  7267 | D:10     | Found a staircase to the Orcish Mines.
  7413 | D:10     | Noticed Urug
  7420 | D:10     | Killed Urug
  7420 | D:10     | Reached skill level 9 in Earth Magic
  7452 | D:10     | Reached ****** piety under Cheibriados
  7753 | D:10     | Identified the +0 pair of boots of the Mind {rF- rN+ SInv} (You found it on level 9 of the Dungeon)
  7829 | D:6      | Bought a coiled marble ring for 95 gold pieces
  7840 | D:6      | Identified the ring "Meetasoq" {*Slow rElec rF+ Int+3 Slay-5} (You bought it in a shop on level 6 of the Dungeon)
  8416 | D:11     | Learned a level 3 spell: Conjure Flame
  8422 | D:11     | Learned a level 5 spell: Fireball
  8452 | D:11     | Noticed Erica
  8452 | D:11     | Noticed a green ugly thing
  8463 | D:11     | Killed Erica
  8463 | D:11     | Killed a green ugly thing
  8828 | D:11     | Noticed Erolcha
  8872 | D:11     | Killed Erolcha
  8872 | D:11     | Reached XP level 12. HP: 89/89 MP: 21/24
  8918 | D:11     | HP: 4/89 [troll (10)]
  9514 | D:11     | Noticed a two-headed ogre
  9514 | D:11     | Found a roughly hewn altar of Beogh.
  9514 | D:11     | Noticed a two-headed ogre
  9517 | D:11     | Killed a two-headed ogre
  9517 | D:11     | Killed a two-headed ogre
  9527 | D:11     | Noticed Grum
  9542 | D:11     | Killed Grum
  9775 | D:11     | Found Vaodoj's Book Boutique.
 10121 | D:12     | Noticed a two-headed ogre
 10129 | D:12     | Killed a two-headed ogre
 10275 | D:12     | Noticed a two-headed ogre
 10290 | D:12     | Killed a two-headed ogre
 10290 | D:12     | Reached skill level 10 in Earth Magic
 10565 | D:12     | Noticed a tengu warrior
 10628 | D:12     | Killed a tengu warrior
 10853 | D:12     | Reached XP level 13. HP: 98/98 MP: 22/26
 11066 | D:13     | Found a runed door.
 11067 | D:13     | Noticed a merfolk impaler
 11068 | D:13     | Found a runed door.
 11077 | D:13     | Found a runed warning-scrawled door.
 11328 | D:13     | Noticed Josephine
 11336 | D:13     | Killed Josephine
 11391 | D:13     | HP: 4/147 [slime creature (5)]
 11398 | D:13     | HP: 2/147 [slime creature (11)]
 11406 | D:13     | Gained mutation: Your system is resistant to poisons. (rPois) [potion of mutation]
 11406 | D:13     | Gained mutation: You are partially covered in yellow scales. (AC +2) [potion of mutation]
 12810 | D:13     | Killed a merfolk impaler
 13030 | D:14     | Noticed a vault guard
 13036 | D:14     | Killed a vault guard
 13065 | D:14     | Noticed a vault guard
 13105 | D:13     | Killed a vault guard
 13423 | D:14     | Reached skill level 10 in Spellcasting
 13549 | D:14     | Reached XP level 14. HP: 78/106 MP: 21/28
 13770 | D:14     | Reached skill level 10 in Dodging
 13824 | D:14     | Found a gate to the Vaults.
 13828 | D:14     | Noticed Amnesiac's ghost (journeyman GnEE)
 13899 | D:14     | Found an opulent altar of Gozag.
 14110 | D:14     | Learned a level 4 spell: Summon Ice Beast
 14200 | D:13     | Learned a level 3 spell: Ozocubu's Armour
 14269 | D:14     | Killed Amnesiac's ghost
 14536 | D:15     | Entered Level 15 of the Dungeon
 14547 | D:15     | Reached skill level 11 in Earth Magic
 14836 | D:15     | Reached skill level 10 in Stealth
 15009 | D:15     | Noticed an entropy weaver
 15009 | D:15     | an alligator changed into an entropy weaver
 15018 | D:15     | Killed an entropy weaver
 15112 | D:15     | Found a staircase to the Depths.
 15947 | Orc:1    | Entered Level 1 of the Orcish Mines
 15949 | Orc:1    | Found a roughly hewn altar of Beogh.
 16320 | Orc:1    | Found a roughly hewn altar of Beogh.
 16508 | Orc:2    | Entered Level 2 of the Orcish Mines
 16854 | Orc:2    | Found a staircase to the Elven Halls.
 16942 | Orc:2    | Paralysed by an orc sorcerer for 2 turns
 17352 | Orc:2    | Found a roughly hewn altar of Beogh.
 17515 | Orc:2    | Found Waudau's Magic Scroll Emporium.
 17755 | Orc:2    | Paralysed by an orc sorcerer for 3 turns
 17891 | Orc:2    | Paralysed by an orc sorcerer for 2 turns
 18120 | Orc:2    | Reached XP level 15. HP: 85/114 MP: 2/29
 18660 | Orc:2    | Found Gumefieb's Armour Shop.
 18667 | Orc:2    | Bought a +2 pair of boots of flying for 279 gold pieces
 18678 | Orc:2    | Found Uchodgh's Antique Weapon Shop.
 18680 | Orc:2    | Found Acyczyil's Assorted Antiques.
 18686 | Orc:2    | Bought an ebony scimitar for 243 gold pieces
 18688 | Orc:2    | Bought a transparent hat for 306 gold pieces
 18688 | Orc:2    | Bought a notched pearl ring for 170 gold pieces
 18703 | Orc:2    | Identified the +2 hat of Peek-a-Boo {rPois Regen+} (You bought it in a shop on level 2 of the Orcish Mines)
 18804 | Orc:2    | Identified the cursed +1 scimitar of Shame {slice, +Fly rC++} (You bought it in a shop on level 2 of the Orcish Mines)
 19028 | D:6      | Bought a warped scimitar for 171 gold pieces
 19028 | D:6      | Identified the +6 scimitar of the Philosopher {venom, Str+4 Dex+5} (You bought it in a shop on level 6 of the Dungeon)
 19186 | Elf:1    | Entered Level 1 of the Elven Halls
 19199 | Elf:1    | Reached skill level 10 in Transmutations
 19535 | Elf:1    | Found a ruined gateway.
 19571 | Desolati | Entered the Desolation of Salt
 19694 | Desolati | Reached skill level 10 in Fighting
 19694 | Desolati | Reached skill level 10 in Short Blades
 19694 | Desolati | Reached skill level 10 in Long Blades
 19694 | Desolati | Reached skill level 10 in Axes
 19694 | Desolati | Reached skill level 10 in Maces & Flails
 19694 | Desolati | Reached skill level 10 in Polearms
 19694 | Desolati | Reached skill level 10 in Staves
 19694 | Desolati | Reached skill level 10 in Slings
 19694 | Desolati | Reached skill level 10 in Bows
 19694 | Desolati | Reached skill level 10 in Crossbows
 19694 | Desolati | Reached skill level 10 in Throwing
 19694 | Desolati | Reached skill level 10 in Armour
 19694 | Desolati | Reached skill level 10 in Shields
 19694 | Desolati | Reached skill level 10 in Unarmed Combat
 19694 | Desolati | Reached skill level 10 in Conjurations
 19694 | Desolati | Reached skill level 10 in Hexes
 19694 | Desolati | Reached skill level 10 in Charms
 19694 | Desolati | Reached skill level 10 in Summonings
 19694 | Desolati | Reached skill level 10 in Necromancy
 19694 | Desolati | Reached skill level 10 in Translocations
 19694 | Desolati | Reached skill level 10 in Fire Magic
 19694 | Desolati | Reached skill level 10 in Ice Magic
 19694 | Desolati | Reached skill level 10 in Air Magic
 19694 | Desolati | Reached skill level 10 in Poison Magic
 19694 | Desolati | Reached skill level 10 in Invocations
 19694 | Desolati | Reached skill level 10 in Evocations
 19720 | Desolati | Got a fine bone ring
 19723 | Desolati | Got an encrusted great sword
 19727 | Desolati | Got a scintillating platinum amulet
 19731 | Desolati | Got an encrusted rapier
 19734 | Desolati | Identified the +8 rapier of the Open Hand {venom, rPois rC- rN+++} (You found it in the Desolation of Salt)
 19736 | Desolati | Identified a scroll of acquirement {!r}
 19737 | Desolati | Found the +2 pair of boots of the Assassin {Detection Stab+ Stlth++}
 20115 | Desolati | Noticed an imperial myrmidon
 20117 | Desolati | Noticed an imperial myrmidon
 20124 | Desolati | Killed an imperial myrmidon
 20129 | Desolati | Killed an imperial myrmidon
 20139 | Desolati | Got a pitted bronze amulet
 20154 | Desolati | Got a steaming hunting sling
 20183 | Desolati | Got a shimmering helmet
 20194 | Desolati | Identified the +3 helmet of Lucidity {rC+} (You found it in the Desolation of Salt)
 20289 | Desolati | Got a distressingly furry scale mail
 20296 | Desolati | Identified the Compendium of Cankerous Heat
 20299 | Desolati | Got a crude diamond amulet
 20322 | Desolati | Reached skill level 12 in Earth Magic
 20341 | Desolati | Reached XP level 16. HP: 78/122 MP: 21/31
 20389 | Desolati | HP: 5/123 [ragged hierophant/a resonance strike (9)]
 20391 | Desolati | HP: 2/123 [saltling (4)]
 20394 | Desolati | Slain by a saltling

Vault maps used:
D:1:      lightli_molten_gateway
D:2:      kennysheep_big_flooded_room, nicolae_dithmenos_shadow_blocks,
          lemuel_doored_altar, chequers_ecumenical_altar_simple_redux
D:3:      okawaru_gym_becter, uniq_crazy_yiuf_cottage, uniq_jessica,
          uniq_terence
D:4:      minmay_temple_entry_purple_smoke, serial_shops, shop,
          minmay_surrounded
D:5:      serial_shops, nicolae_shop_waterfront, first_bread
D:6:      serial_shops, shop, shop, uniq_prince_ribbit1
D:7:      grunt_qazlal_clouds, nicolae_overflow_hidden_temple,
          serial_bayou_pond_a
D:8:      erik_lair_orcish_takeover
D:9:      kennysheep_mini
D:10:     orc_0_dummy, enter_trove_2, uniq_urug
D:11:     serial_shops, shop, the_bakery, uniq_grum, uniq_erolcha, uniq_erica
D:13:     mikee_hates_you, uniq_josephine
D:14:     lightli_vaults_fourway_checkpoint,
          nicolae_gozag_cash_rules_everything_around_me
D:15:     gammafunk_enter_depths_forms, serial_park_tiny_pond
Temple:   nicolae_temple_x_marks_the_god
Orc:1:    basic_altar, nicolae_orc_bridge_out, minmay_orc_temple_b
Orc:2:    st_orc_elflike, basic_altar
Elf:1:    portal_desolation_entry_twin_temple,
          hangedman_elven_crosses_minicolossus, minmay_shoptagon

Skill      XL: |  1  2  3  4  5  6  7  8  9 10 11 12 13 14 15 |
---------------+----------------------------------------------+-----
Spellcasting   | 5 6 7 8 9 10 11 | 11.4
Fighting       | 1 2 3 4 5 6 7 8 9 10 | 10.3
Short Blades   | 1 2 3 4 5 6 7 8 9 10 | 10.3
Long Blades    | 1 2 3 4 5 6 7 8 9 10 | 10.3
Axes           | 1 2 3 4 5 6 7 8 9 10 | 10.3
Maces & Flails | 1 2 3 4 5 6 7 8 9 10 | 10.3
Polearms       | 1 2 3 4 5 6 7 8 9 10 | 10.3
Staves         | 1 2 3 4 5 6 7 8 9 10 | 10.3
Slings         | 1 2 3 4 5 6 7 8 9 10 | 10.3
Bows           | 1 2 3 4 5 6 7 8 9 10 | 10.3
Crossbows      | 1 2 3 4 5 6 7 8 9 10 | 10.3
Throwing       | 1 2 3 4 5 6 7 8 9 10 | 10.3
Armour         | 1 2 3 4 5 6 7 8 9 10 | 10.3
Shields        | 1 2 3 4 5 6 7 8 9 10 | 10.3
Unarmed Combat | 1 2 3 4 5 6 7 8 9 10 | 10.3
Conjurations   | 1 2 3 4 5 6 7 8 9 10 | 10.3
Hexes          | 1 2 3 4 5 6 7 8 9 10 | 10.3
Charms         | 1 2 3 4 5 6 7 8 9 10 | 10.3
Summonings     | 1 2 3 4 5 6 7 8 9 10 | 10.3
Necromancy     | 1 2 3 4 5 6 7 8 9 10 | 10.3
Translocations | 1 2 3 4 5 6 7 8 9 10 | 10.3
Fire Magic     | 1 2 3 4 5 6 7 8 9 10 | 10.3
Ice Magic      | 1 2 3 4 5 6 7 8 9 10 | 10.3
Air Magic      | 1 2 3 4 5 6 7 8 9 10 | 10.3
Poison Magic   | 1 2 3 4 5 6 7 8 9 10 | 10.3
Invocations    | 1 2 3 4 5 6 7 8 9 10 | 10.3
Evocations     | 1 2 3 4 5 6 7 8 9 10 | 10.3
Transmutations | 3 4 5 6 7 8 9 10 | 10.6
Dodging        | 5 6 7 8 9 10 11 | 11.2
Earth Magic    | 7 8 9 10 11 12 | 12.0
Stealth        | 5 6 7 8 9 10 11 | 11.1

Action                   |  1- 3 |  4- 6 |  7- 9 | 10-12 | 13-15 | 16-18 || total
-------------------------+-------+-------+-------+-------+-------+-------++-------
Melee: Unarmed           |    40 |       |       |       |     1 |       ||    41
       Bite              |     2 |    12 |    29 |    98 |   160 |     2 ||   303
       Dagger            |       |    82 |   145 |   402 |   295 |       ||   924
       Punch             |       |     1 |     3 |    25 |       |       ||    29
       Lajatang          |       |       |       |    34 |       |       ||    34
       Scimitar          |       |       |       |     9 |   354 |    14 ||   377
 Fire: Blowgun           |       |       |       |       |    10 |       ||    10
 Cast: Sandblast         |     7 |    69 |    42 |    38 |     8 |       ||   164
       Passwall          |       |     9 |    20 |    19 |    10 |       ||    58
       Petrify           |       |     5 |    30 |    59 |    93 |     4 ||   191
       Lee's Rapid Decon |       |       |     3 |    34 |    82 |     3 ||   122
       Summon Ice Beast  |       |       |       |       |    16 |       ||    16
       Fireball          |       |       |       |       |    12 |       ||    12
       Ozocubu's Armour  |       |       |       |       |     8 |       ||     8
Invok: Slouch            |       |       |       |       |    19 |       ||    19
Evoke: Phantom mirror    |       |       |       |       |     1 |       ||     1
       Wand              |       |       |       |       |     1 |       ||     1
  Use: Scroll            |       |       |     9 |    12 |    14 |       ||    35
       Potion            |       |       |     1 |     1 |    14 |     1 ||    17
 Stab: Sleeping          |     2 |    13 |    16 |    34 |    45 |       ||   110
       Distracted        |     1 |     1 |       |     2 |     3 |       ||     7
       Petrified         |       |     2 |    20 |    31 |    52 |     2 ||   107
       Petrifying        |       |       |     9 |    32 |    34 |       ||    75
  Eat: Chunk             |       |     4 |     8 |    14 |    21 |       ||    47
       Royal jelly       |       |       |       |       |     2 |       ||     2
       Fruit             |       |       |       |       |     1 |       ||     1
Armor: Robe              |     5 |     9 |    32 |    69 |    72 |     6 ||   193
       Skin              |       |       |       |       |    28 |       ||    28
       Leather armour    |       |       |       |       |    27 |       ||    27
       Ice dragon scales |       |       |       |       |     9 |       ||     9
Dodge: Dodged            |    40 |    78 |   153 |   395 |   455 |    17 ||  1138
Block: Buckler           |       |       |       |     5 |   241 |    10 ||   256
       Rpst.: Scimitar   |       |       |       |     1 |    66 |     5 ||    72

Table legend:
 A = Spawn XP
 B = Non-spawn XP
 C = Spawn XP percentage of total XP
 D = Spawn monster count
 E = Non-spawn monster count
 F = Spawn count percentage of total count
 G = Total turns spent on level
                    A         B        C        D         E        F      G
               +---------+---------+-------+---------+---------+-------+---------
         Total |       0 |  132051 |   0.0 |       0 |     687 |   0.0 | 20394
               +---------+---------+-------+---------+---------+-------+---------
           D:1 |       0 |      30 |   0.0 |       0 |      19 |   0.0 |   546
           D:2 |       0 |      97 |   0.0 |       0 |      31 |   0.0 |   944
           D:3 |       0 |     312 |   0.0 |       0 |      34 |   0.0 |  1030
           D:4 |       0 |     350 |   0.0 |       0 |      23 |   0.0 |   640
           D:5 |       0 |     536 |   0.0 |       0 |      14 |   0.0 |   861
           D:6 |       0 |    1128 |   0.0 |       0 |      19 |   0.0 |   846
           D:7 |       0 |    1117 |   0.0 |       0 |      26 |   0.0 |   669
           D:8 |       0 |    4051 |   0.0 |       0 |      40 |   0.0 |   990
           D:9 |       0 |    1255 |   0.0 |       0 |      20 |   0.0 |   710
          D:10 |       0 |    5768 |   0.0 |       0 |      42 |   0.0 |  1825
          D:11 |       0 |   11260 |   0.0 |       0 |      70 |   0.0 |  1177
          D:12 |       0 |    7330 |   0.0 |       0 |      46 |   0.0 |   968
          D:13 |       0 |   13723 |   0.0 |       0 |      52 |   0.0 |  2226
          D:14 |       0 |   15474 |   0.0 |       0 |      38 |   0.0 |  1387
          D:15 |       0 |   10985 |   0.0 |       0 |      25 |   0.0 |  1317
         Orc:1 |       0 |    2181 |   0.0 |       0 |      39 |   0.0 |   876
         Orc:2 |       0 |   13513 |   0.0 |       0 |      74 |   0.0 |  2129
         Elf:1 |       0 |   15953 |   0.0 |       0 |      25 |   0.0 |   385
    Desolation |       0 |   26988 |   0.0 |       0 |      50 |   0.0 |   823
               +---------+---------+-------+---------+---------+-------+---------
